 Dungeon Crawl Stone Soup version 0.28-a0-1236-gb25a51b929 (webtiles) character file.

Game seed: 3472369529306930711

310 bearlyready the Chucker (level 6, 0/57 HPs)
             Began as a Minotaur Hunter on Dec 25, 2021.
             Slain by an ogre (27 damage)
             ... on level 4 of the Dungeon.
             The game lasted 00:03:16 (3831 turns).

bearlyready the Chucker (Minotaur Hunter)           Turns: 3831, Time: 00:03:16

Health: 0/57       AC:  3    Str: 17    XL:     6   Next: 17%
Magic:  5/5        EV: 12    Int:  8    God:
Gold:   52         SH:  0    Dex: 12    Spells: 5/5 levels left

rFire   + . .      SeeInvis .   a - +3 dagger
rCold   + . .      Faith    .   (no shield)
rNeg    . . .      Spirit   .   s - +0 leather armour {rPois}
rPois   +          Reflect  .   (helmet restricted)
rElec   .          Harm     .   n - scarf {rC+ rF+}
rCorr   .          Rampage  .   (no gloves)
Will    .....                   (no boots)
Stlth   +.........              (no amulet)
HPRegen 0.19/turn               (no ring)
MPRegen 0.09/turn               (no ring)

@: no status effects
A: horns 2, retaliatory headbutt
a: no special abilities


You were on level 4 of the Dungeon.
You visited 1 branch of the dungeon, and saw 4 of its levels.

You collected 136 gold pieces.
You spent 84 gold pieces at shops.

Inventory:

Hand Weapons
 a - a +3 dagger (weapon)
 j - a +0 short sword
Missiles
 b - 7 poisoned darts (quivered)
 c - 6 javelins
 d - 2 throwing nets
 h - 2 boomerangs of dispersal
 o - 5 atropa-tipped darts
Armour
 n - a scarf of resistance (worn)
 s - a +0 leather armour of poison resistance (worn)
Wands
 r - a wand of mindburst (21)
Scrolls
 l - 2 scrolls of identify
 m - a scroll of fog
 p - a scroll of teleportation
 q - a scroll of enchant armour
 t - a scroll of magic mapping {unknown}
Potions
 e - a potion of mutation {unknown}
 f - a potion of brilliance
 g - 5 potions of curing
 i - a potion of heal wounds
 k - a potion of resistance {unknown}


   Skills:
 + Level 5.8 Fighting
 + Level 6.0 Throwing
 - Level 2.1 Dodging
 - Level 0.7 Stealth


You had 5 spell levels left.
You didn't know any spells.
Your spell library contained the following spells:

 Spells                   Type           Power      Damage    Failure   Level
 Magic Dart               Conj           0%         1d3       47%         1
 Slow                     Hex            0%         N/A       47%         1
 Call Imp                 Summ           0%         N/A       63%         2
 Call Canine Familiar     Summ           0%         N/A       85%         3
 Confusing Touch          Hex            0%         N/A       85%         3
 Mephitic Cloud           Conj/Pois/Air  0%         N/A       85%         3
 Portal Projectile        Hex/Tloc       0%         N/A       85%         3
 Leda's Liquefaction      Hex/Erth       0%         N/A       99%         4
 Yara's Violent Unravell  Hex/Tmut       0%         3d3       100%        5


Dungeon Overview and Level Annotations

Branches:
Dungeon (4/15)
 Temple: D:4-7

Altars:

Shops:
D:2 ?   D:4 *:?:


Innate Abilities, Weirdness & Mutations

You have a pair of horns on your head.
You reflexively headbutt those who attack you in melee.


Message History

The poisoned dart barely misses the ogre.
Throw: 13 darts (poison)
Press: ? - help, Q - select action, (/) - cycle Shift-Dir - straight line, f/p - ogre
Aim: an ogre, wielding a +0 giant spiked club (poisoned, 77% to hit)
You throw a poisoned dart.
The poisoned dart barely misses the ogre.
Throw: 12 darts (poison)
Press: ? - help, Q - select action, (/) - cycle Shift-Dir - straight line, f/p - ogre
Aim: an ogre, wielding a +0 giant spiked club (lightly wounded, poisoned, 77% to hit)
You throw a poisoned dart.
The poisoned dart barely misses the ogre.
Throw: 11 darts (poison)
Press: ? - help, Q - select action, (/) - cycle Shift-Dir - straight line, f/p - ogre
Aim: an ogre, wielding a +0 giant spiked club (lightly wounded, poisoned, 77% to hit)
You throw a poisoned dart. The poisoned dart hits the ogre!
The ogre looks even sicker.
The ogre is lightly wounded.
Throw: 10 darts (poison)
Press: ? - help, Q - select action, (/) - cycle Shift-Dir - straight line, f/p - ogre
Aim: an ogre, wielding a +0 giant spiked club (lightly wounded, very poisoned, 77% to hit)
You throw a poisoned dart.
The poisoned dart barely misses the ogre.
Throw: 9 darts (poison)
Press: ? - help, Q - select action, (/) - cycle Shift-Dir - straight line, f/p - ogre
Aim: an ogre, wielding a +0 giant spiked club (lightly wounded, very poisoned, 77% to hit)
You throw a poisoned dart. The poisoned dart hits the ogre!
The ogre looks as sick as possible!
The ogre is lightly wounded.
Throw: 8 darts (poison)
Press: ? - help, Q - select action, (/) - cycle Shift-Dir - straight line, f/p - ogre
Aim: an ogre, wielding a +0 giant spiked club (lightly wounded, extremely poisoned, 77% to hit)
You throw a poisoned dart. The poisoned dart hits the ogre!
The ogre looks as sick as possible!
The ogre is lightly wounded.
You barely miss the ogre.
The ogre is moderately wounded.
The ogre hits you with a +0 giant spiked club!!
Ouch! That really hurt!
The ogre hits you with a +0 giant spiked club!!
You die...

#....###....≈≈≈ #(#.
#.....#
#(#.####.###.#≈≈≈
##.#..!#..<...≈≈≈≈
#.(.......###.≈≈≈≈≈
#.♣(♣.♣.♣.# ≈≈≈≈#
#..⌠.∩.⌠..# ≈≈≈≈# ..
#.♣(♣.♣)♣.###.≈≈≈≈##..
#..∩.O@∩......≈≈≈≈≈.# #
#.♣.♣.♣.♣..###≈≈≈≈≈###.
#..⌠.∩.⌠...##.#≈≈≈≈.#..
#.♣.♣.♣.♣....##≈≈≈≈≈.<#
#.........?##.#≈≈≈≈≈..#
######..##.###.#≈≈≈≈≈.#
#.###.# ##.≈≈≈≈≈.. #..
..# ##.≈≈≈≈(#
####..######≈≈≈≈..


You could see an ogre (extremely poisoned).

Vanquished Creatures
  Sigmund (D:2)
  Jessica (D:2)
  An orc wizard (D:3)
  Robin (D:2)
  An adder (D:2)
  2 worms (D:2)
  2 dart slugs
  2 orcs (D:3)
  4 bats
  2 endoplasms
  2 giant cockroaches
  8 goblins
  9 hobgoblins
  2 jackals (D:3)
  4 quokkas
  14 ball pythons
  4 frilled lizards
  6 kobolds
  10 rats
76 creatures vanquished.

Vanquished Creatures (others)
  2 plants (D:2)
2 creatures vanquished.

Grand Total: 78 creatures vanquished

Notes
Turn   | Place    | Note
-------+----------+-------------------------------------------
     0 | D:1      | bearlyready the Minotaur Hunter began the quest for the
                  | Orb.
     0 | D:1      | Reached XP level 1. HP: 18/18 MP: 0/0
   426 | D:1      | Reached XP level 2. HP: 23/25 MP: 1/1
   597 | D:1      | Found a faded altar of an unknown god.
  1399 | D:2      | Reached XP level 3. HP: 22/31 MP: 2/2
  1511 | D:2      | Noticed Jessica
  1517 | D:2      | Killed Jessica
  1752 | D:2      | Noticed Sigmund
  1760 | D:2      | Killed Sigmund
  1761 | D:2      | Reached skill level 5 in Fighting
  1761 | D:2      | Reached skill level 5 in Throwing
  1761 | D:2      | Reached XP level 4. HP: 28/42 MP: 3/3
  1761 | D:2      | Reached XP level 5. HP: 32/48 MP: 4/4
  2304 | D:2      | Found Cuxza's Magic Scroll Shop.
  2309 | D:2      | Bought a scroll of fog for 28 gold pieces
  2309 | D:2      | Bought a scroll of identify for 28 gold pieces
  2309 | D:2      | Bought a scroll of identify for 28 gold pieces
  2532 | D:2      | Noticed Robin
  2546 | D:2      | Killed Robin
  3091 | D:3      | Reached XP level 6. HP: 53/56 MP: 5/5
  3363 | D:4      | Found Qayxap's Book Emporium.
  3363 | D:4      | Found Cadimail's Book Emporium.
  3363 | D:4      | Found Julo's General Store.
  3363 | D:4      | Found Gilub's Magic Scroll Emporium.
  3379 | D:4      | Noticed an orc warrior
  3745 | D:3      | Reached skill level 6 in Throwing
  3831 | D:4      | Slain by an ogre

Illustrated notes

Levels and vault maps discovered:
D:1:      zaba_arrival_water, layout_basic, dreamdust_ecumenical_altar_grove,
          roderic_malta_cross
D:2:      layout_basic, serial_shops, shop, minmay_shallow_snake_nest,
          uniq_robin, uniq_jessica, uniq_sigmund
D:3:      layout_rooms, chequers_mini_garden
D:4:      wander_river, layout_loops_ring, minmay_shop_grid_forest

Skill      XL: |  1  2  3  4  5  6 |
---------------+-------------------+-----
Fighting       | 3 5 |  5.8
Throwing       | 5 6 |  6.0
Dodging        | |  2.1
Stealth        | |  0.7

Action                   |  1- 3 |  4- 6 || total
-------------------------+-------+-------++-------
Melee: Short sword       |    73 |       ||    73
       Headbutt          |    10 |    13 ||    23
       Dagger            |     9 |    88 ||    97
Throw: Dart              |       |     8 ||     8
  Use: Scroll            |       |     5 ||     5
 Stab: Sleeping          |       |     4 ||     4
Armor: Leather armour    |    16 |    17 ||    33
Dodge: Dodged            |    43 |    63 ||   106

Table legend: (Time is in decaauts)
 A = Elapsed time spent in this place.
 B = Non-inter-level travel time spent in this place.
 C = Inter-level travel time spent in this place.
 D = Time resting spent in this place.
 E = Time spent auto-exploring this place.
 F = Levels seen in this place.
 G = Mean time per level.
                   A        B        C        D        E       F      G
               +--------+--------+--------+--------+--------+-----+--------+
         Total |   3843 |   3786 |     57 |    322 |   2974 |   4 |  960.8 |
       Dungeon |   3843 |   3786 |     57 |    322 |   2974 |   4 |  960.8 |
               +--------+--------+--------+--------+--------+-----+--------+

Top non-repeatable levels by time:
     D:2: 1577 daAuts
     D:1: 1369 daAuts
     D:3: 791 daAuts
     D:4: 105 daAuts
